[Event "Titled Tuesday Blitz June 20 Late 2023"]
[White "Araujo Sanchez, Josue"]
[Black "StarkyNZ"]
[WhiteFideId "6416896"]
[WhiteElo "2417"]
[BlackElo "2271"]
[Result "1-0"]
[Round "2"]
[TimeControl "180+2"]
[Date "2023.06.20"]
[WhiteClock "0:01:43"]
[BlackClock "0:00:39"]
[Board "161"]

1. Nf3 Nf6 2. c4 c5 3. d4 cxd4 4. Nxd4 g6 5. Nc3 Bg7 6. g3 O-O 7. Bg2 a6 8. O-O Qc7 9. b3 d6 10. Bb2 e6 11. Rc1 Nc6 12. Nd5 exd5 13. cxd5 Nxd5 14. Bxd5 Bd7 15. Qd2 Rac8 16. Rfd1 Rfd8 17. Nxc6 Bxc6 18. Bxg7 Kxg7 19. Rc4 Qe7 20. Rdc1 Qd7 21. Bxc6 Rxc6 22. Rxc6 bxc6 23. Qc3+ Kg8 24. Qxc6 Qf5 25. Qxa6 Re8 26. e3 Re6 27. Rd1 d5 28. Qa8+ Kg7 29. Qxd5 Re5 30. Qd4 Kh6 31. Qf4+ 1-0


[Site "https://www.chess.com"]

[Event "Titled Tuesday Blitz June 20 Late 2023"]
[White "Ansh M Shah"]
[Black "De Souza, Cristiano Gomes"]
[WhiteFideId "25033379"]
[BlackFideId "2151758"]
[WhiteElo "2084"]
[BlackElo "2068"]
[Result "1-0"]
[Round "2"]
[TimeControl "180+2"]
[Date "2023.06.20"]
[WhiteClock "0:00:20"]
[BlackClock "0:00:00"]
[Board "162"]

1. d4 Nf6 2. c4 g6 3. h4 Bg7 4. Nc3 d6 5. e4 O-O 6. Be2 e5 7. d5 Nbd7 8. h5 Nc5 9. h6 Bh8 10. Bg5 a5 11. f3 Bd7 12. g4 Qc8 13. Nh3 Ne8 14. Nf2 f5 15. gxf5 gxf5 16. Rg1 Kf7 17. Nd3 Nxd3+ 18. Qxd3 Rg8 19. O-O-O f4 20. Bh4 Bf6 21. Rxg8 Kxg8 22. Rg1+ Kh8 23. Bf2 Qd8 24. Qd1 Qe7 25. Qf1 c6 26. Qg2 Nc7 27. Kb1 Qf7 28. Qh2 cxd5 29. exd5 Bf5+ 30. Ne4 Bxe4+ 31. fxe4 Na6 32. Bh5 Qf8 33. Bg4 Bg5 34. Rh1 Nb4 35. Be6 Qe7 36. Rg1 Nd3 37. Bb6 Ra6 38. Qg2 Ra8 39. Qxg5 Qxg5 40. Rxg5 f3 41. Kc2 Nf4 42. Rg3 1-0


[Site "https://www.chess.com"]

[Event "Titled Tuesday Blitz June 20 Late 2023"]
[White "a-z30"]
[Black "Davidson, Kevin"]
[BlackFideId "2056810"]
[WhiteElo "2473"]
[BlackElo "2151"]
[Result "0-1"]
[Round "2"]
[TimeControl "180+2"]
[Date "2023.06.20"]
[WhiteClock "0:00:00"]
[BlackClock "0:00:14"]
[Board "163"]

1. c4 Nf6 2. Nc3 g6 3. g3 Bg7 4. Bg2 d6 5. e4 O-O 6. Nge2 c5 7. O-O Nc6 8. h3 a6 9. d3 Rb8 10. a4 Ne8 11. f4 Nc7 12. f5 b5 13. axb5 axb5 14. g4 Ne5 15. cxb5 Nxb5 16. Nd5 Bb7 17. Nef4 Nd4 18. g5 e6 19. f6 exd5 20. fxg7 Re8 21. exd5 Qxg5 22. Kh1 Qh4 23. Bd2 Bc8 24. Be1 Qh6 25. Bd2 Qxg7 26. Ra7 Rxb2 27. Bc3 Rb7 28. Bxd4 Rxa7 29. Bc3 Bf5 30. Be4 Bxe4+ 31. dxe4 Ra3 32. Qc1 Rea8 33. Ne2 Qf8 34. Qf4 Qe7 35. Qd2 Ra2 0-1


[Site "https://www.chess.com"]

[Event "Titled Tuesday Blitz June 20 Late 2023"]
[White "Francisco_Ferrari"]
[Black "Reprintsev, Alexander"]
[BlackFideId "14100541"]
[WhiteElo "2247"]
[BlackElo "2229"]
[Result "0-1"]
[Round "2"]
[TimeControl "180+2"]
[Date "2023.06.20"]
[WhiteClock "0:00:06"]
[BlackClock "0:01:12"]
[Board "164"]

1. c4 e5 2. Nc3 Bb4 3. g3 Bxc3 4. bxc3 d5 5. cxd5 Qxd5 6. f3 Nf6 7. e4 Qc5 8. Ne2 Qa5 9. Bg2 c5 10. O-O Nc6 11. d4 cxd4 12. cxd4 exd4 13. Nxd4 Qc3 14. Nb3 O-O 15. Ba3 Rd8 16. Qe2 Nd4 17. Qb2 Qxb2 18. Bxb2 Nxb3 19. axb3 Be6 20. Ra3 a6 21. f4 Rd3 22. Rc1 Rxb3 23. Rxb3 Bxb3 24. Rc7 b5 25. e5 Nd5 26. Rd7 Nb6 27. Rd6 Rb8 28. Bd4 Nc4 29. Rxa6 g5 30. Ra7 gxf4 31. gxf4 Nd2 32. f5 Bc4 33. e6 fxe6 34. Rg7+ Kf8 35. Rxh7 exf5 36. Rh8+ Bg8 37. Bd5 Ke7 38. Rxg8 Rxg8+ 39. Bxg8 Nf3+ 40. Kf2 Nxd4 41. Ke3 Ne6 42. Bh7 Kf6 43. Bg8 f4+ 44. Kf3 b4 45. Bxe6 Kxe6 46. Kxf4 b3 47. Ke3 b2 48. Kd2 b1=Q 0-1


[Site "https://www.chess.com"]

[Event "Titled Tuesday Blitz June 20 Late 2023"]
[White "Rodriguez Santiago, Jaime"]
[Black "Gomez Barrera, Javiera Belen"]
[WhiteFideId "3100898"]
[BlackFideId "3418723"]
[WhiteElo "2025"]
[BlackElo "2119"]
[Result "0-1"]
[Round "2"]
[TimeControl "180+2"]
[Date "2023.06.20"]
[WhiteClock "0:00:09"]
[BlackClock "0:00:37"]
[Board "165"]

1. c4 Nf6 2. Nc3 g6 3. d4 Bg7 4. e4 d6 5. Be2 O-O 6. Bg5 Nc6 7. d5 Ne5 8. h4 c6 9. h5 Qb6 10. Qd2 Bd7 11. hxg6 fxg6 12. Be3 Qc7 13. f3 cxd5 14. cxd5 Nc4 15. Bxc4 Qxc4 16. Nge2 Rac8 17. Bh6 b5 18. Bxg7 Kxg7 19. Qh6+ Kg8 20. e5 dxe5 21. Ne4 Rf7 22. Ng5 Rg7 23. Rc1 Qb4+ 24. Kf2 Rf8 25. Kg1 Qxb2 26. Re1 Qd2 27. Kh2 e4 28. Ng3 exf3 29. Rhg1 Ng4+ 0-1


[Site "https://www.chess.com"]

[Event "Titled Tuesday Blitz June 20 Late 2023"]
[White "Cluke86"]
[Black "Vovk, Orest"]
[BlackFideId "14113490"]
[WhiteElo "2245"]
[BlackElo "2215"]
[Result "0-1"]
[Round "2"]
[TimeControl "180+2"]
[Date "2023.06.20"]
[WhiteClock "0:00:48"]
[BlackClock "0:00:51"]
[Board "166"]

1. e4 g5 2. d4 g4 3. f3 gxf3 4. Nxf3 d5 5. e5 c5 6. c3 Nc6 7. a3 Bg4 8. Nbd2 Qb6 9. dxc5 Qxc5 10. Qa4 h5 11. Be2 O-O-O 12. Nb3 Qb6 13. Nbd4 Nxd4 14. cxd4 Bh6 15. O-O Bxc1 16. Raxc1+ Kb8 17. Qb5 Qxb5 18. Bxb5 Bxf3 19. Rxf3 Nh6 20. Bd3 Rc8 21. Rxc8+ Rxc8 22. g3 Rc1+ 23. Kg2 Rd1 24. h3 Rd2+ 25. Kf1 Rxb2 26. e6 fxe6 27. Rf8+ Kc7 28. Rh8 Rb3 29. Ke2 Nf5 30. g4 hxg4 31. hxg4 Nxd4+ 32. Ke3 Nc6 33. g5 Ne5 34. Kf4 Nxd3+ 35. Kg4 Ne5+ 0-1


[Site "https://www.chess.com"]

[Event "Titled Tuesday Blitz June 20 Late 2023"]
[White "Rios Escobar, Adan"]
[Black "Palacio,Igor Da Paz"]
[WhiteFideId "3403645"]
[BlackFideId "2121140"]
[WhiteElo "2470"]
[BlackElo "2126"]
[Result "1-0"]
[Round "2"]
[TimeControl "180+2"]
[Date "2023.06.20"]
[WhiteClock "0:00:02"]
[BlackClock "0:00:00"]
[Board "167"]

1. d4 Nf6 2. g3 e6 3. c4 d5 4. Bg2 dxc4 5. Nf3 c5 6. O-O Nc6 7. dxc5 Qxd1 8. Rxd1 Bxc5 9. Nbd2 c3 10. bxc3 O-O 11. Nb3 Be7 12. Nfd4 Bd7 13. Nb5 a6 14. Nd6 Rab8 15. Ba3 Rfd8 16. Nc5 Be8 17. Nxe8 Nxe8 18. Rxd8 Rxd8 19. Nxb7 Bxa3 20. Bxc6 Rc8 21. Bxe8 Rxe8 22. Rd1 Kf8 23. Rd8 Rxd8 24. Nxd8 Ke7 25. Nc6+ Kd6 26. Na5 Kc5 27. Nb7+ Kd5 28. Kf1 Bb2 29. c4+ Kxc4 30. Nd6+ Kb4 31. Nxf7 Ka3 32. Nd8 e5 33. Ne6 Kxa2 34. Nxg7 a5 35. Ne6 a4 36. Nc5 a3 37. Nd3 Kb1 38. Nb4 a2 39. Nxa2 Kxa2 40. e4 Kb3 41. Ke2 Kc4 42. Ke3 Bd4+ 43. Ke2 Bb6 44. f4 Kd4 45. Kf3 exf4 46. gxf4 Kc5 47. h4 Kd6 48. h5 Ke6 49. Kg4 Bd8 50. Kf3 Bb6 51. Kg4 Bd8 52. e5 Bc7 53. Kg5 1-0


[Site "https://www.chess.com"]

[Event "Titled Tuesday Blitz June 20 Late 2023"]
[White "Harshal, Shahi"]
[Black "Krishnakumar, Sriram"]
[WhiteFideId "5048257"]
[BlackFideId "30915856"]
[WhiteElo "2054"]
[BlackElo "2469"]
[Result "1-0"]
[Round "2"]
[TimeControl "180+2"]
[Date "2023.06.20"]
[WhiteClock "0:00:36"]
[BlackClock "0:01:01"]
[Board "168"]

1. e4 e5 2. Nf3 Nc6 3. Bc4 Bc5 4. c3 Nf6 5. d3 d6 6. Bb3 a5 7. Nbd2 O-O 8. h3 Be6 9. Nf1 Bxb3 10. axb3 d5 11. Qe2 d4 12. Ng3 h6 13. O-O Kh7 14. Nh4 Ne7 15. Qf3 Ng6 16. Nhf5 dxc3 17. bxc3 Ra6 18. h4 Nf4 19. Bxf4 exf4 20. Qxf4 Qxd3 21. Nxh6 gxh6 22. Qf5+ Kh8 23. Qxc5 Rg8 24. Rad1 Qc2 25. Qe3 Ng4 26. Qd4+ f6 27. Nf5 Ne5 28. Qe3 Rg6 29. Rd8+ Kh7 30. h5 Rg5 31. Rfd1 Ng4 32. R1d7+ 1-0


[Site "https://www.chess.com"]

[Event "Titled Tuesday Blitz June 20 Late 2023"]
[White "Urbina Perez, Juan Antonio"]
[Black "Kostiukov, Alexandr"]
[WhiteFideId "2217368"]
[BlackFideId "14108100"]
[WhiteElo "2197"]
[BlackElo "2202"]
[Result "1-0"]
[Round "2"]
[TimeControl "180+2"]
[Date "2023.06.20"]
[WhiteClock "0:00:43"]
[BlackClock "0:00:00"]
[Board "169"]

1. d4 g6 2. e4 c5 3. Bc4 cxd4 4. c3 d3 5. Nf3 Bg7 6. O-O Nc6 7. Qxd3 Nf6 8. e5 Ng4 9. Bxf7+ Kxf7 10. Qc4+ d5 11. exd6+ Ke8 12. dxe7 Nxe7 13. Bg5 Qd5 14. Qb4 Nc6 15. Re1+ Nge5 16. Qh4 Kf7 17. Nbd2 Bf5 18. Bh6 Bf6 19. Bg5 Bxg5 20. Nxg5+ Kg7 21. Nge4 Rhf8 22. Rad1 Rad8 23. h3 Bxe4 24. Nxe4 Qxd1 25. Rxd1 Rxd1+ 26. Kh2 h6 27. b4 a6 28. a4 Rd7 29. Nc5 Rdf7 30. Ne6+ Kh7 31. Nxf8+ Rxf8 32. b5 axb5 33. axb5 Rf7 34. bxc6 Nxc6 35. Qc4 Kg7 36. Qd5 Rxf2 37. c4 Rf7 38. c5 Re7 39. Qd3 h5 40. Qc3+ Kh7 41. g4 hxg4 42. hxg4 1-0


[Site "https://www.chess.com"]

[Event "Titled Tuesday Blitz June 20 Late 2023"]
[White "disciplinedbrat"]
[Black "Yurasova, Daria"]
[BlackFideId "34146919"]
[WhiteElo "2235"]
[BlackElo "2109"]
[Result "1-0"]
[Round "2"]
[TimeControl "180+2"]
[Date "2023.06.20"]
[WhiteClock "0:00:01"]
[BlackClock "0:00:00"]
[Board "170"]

1. g3 d5 2. Bg2 c6 3. d3 Nf6 4. a3 Bf5 5. b4 e6 6. Bb2 h6 7. Nd2 Be7 8. c4 O-O 9. Ngf3 a5 10. b5 cxb5 11. cxb5 a4 12. O-O Nbd7 13. Re1 Qb6 14. Rb1 Bh7 15. h3 Rfc8 16. e4 Nc5 17. Ne5 dxe4 18. dxe4 Rd8 19. Qe2 Rac8 20. Ng4 Nxg4 21. Qxg4 Bf8 22. Nc4 Qc7 23. Be5 Qe7 24. Nb6 Nd3 25. Nxc8 Rxc8 26. Bxg7 Bxg7 27. Red1 Ne5 28. Qe2 Qxa3 29. Ra1 Qb4 30. Rdb1 Qc4 31. Qxc4 Rxc4 32. Rc1 a3 33. Bf1 Nf3+ 34. Kg2 Bxa1 35. Rxa1 Bxe4 36. Bxc4 Nd2+ 37. f3 Bxf3+ 38. Kf2 Be4 39. Be2 Nb1 40. Ke3 Bf5 41. Bd3 Nc3 42. Bxf5 exf5 43. Rxa3 Nxb5 44. Rb3 Nd6 45. Kf4 Kg7 46. Rb6 Ne4 47. Rxb7 Kg6 48. Rb6+ f6 49. g4 Nf2 50. gxf5+ Kh5 51. Kg3 Ne4+ 52. Kf4 Nf2 53. Rxf6 Nxh3+ 54. Ke5 Ng5 55. Rf8 Kg4 56. f6 h5 57. f7 Kh3 58. Kf6 Nxf7 59. Rxf7 h4 60. Rg7 Kh2 61. Kg5 h3 62. Kf4 Kh1 63. Kf3 Kh2 64. Ra7 Kh1 65. Ra2 1-0


[Site "https://www.chess.com"]

[Event "Titled Tuesday Blitz June 20 Late 2023"]
[White "Gabdushev, Ruslan"]
[Black "Florianovitz, Derlei Alex"]
[WhiteFideId "4137833"]
[BlackFideId "2114178"]
[WhiteElo "2233"]
[BlackElo "1953"]
[Result "1-0"]
[Round "2"]
[TimeControl "180+2"]
[Date "2023.06.20"]
[WhiteClock "0:00:51"]
[BlackClock "0:00:48"]
[Board "171"]

1. b3 e5 2. Bb2 Nc6 3. e3 d5 4. Bb5 Bd6 5. f4 Qe7 6. Nf3 Bg4 7. fxe5 Bxe5 8. Bxe5 Bxf3 9. Qxf3 Qxe5 10. Bxc6+ bxc6 11. O-O Nf6 12. Nc3 O-O 13. Qf4 Qe7 14. Rf3 Rad8 15. Raf1 Ne4 16. Nxe4 dxe4 17. R3f2 Rd6 18. Qf5 Rf6 19. Qa5 Rxf2 20. Rxf2 Rd8 21. Qxa7 h5 22. h3 Rd5 23. Qa8+ Kh7 24. Qxc6 Rc5 25. Rxf7 Rxc6 26. Rxe7 Rxc2 27. Rxe4 Rxa2 28. Rd4 c5 29. Rd5 Rb2 30. Kf2 Rxb3 31. Rxh5+ Kg6 32. Rxc5 Rd3 33. Ke2 Rd6 34. d4 Kf6 35. h4 Ra6 36. g4 Ra2+ 37. Kf3 Ra1 38. Rf5+ Ke6 39. Ke4 g6 40. Re5+ Kf6 41. h5 gxh5 42. Rxh5 Rg1 43. Rf5+ Ke6 44. Rf4 Rg2 45. d5+ Ke7 46. Ke5 Rg3 47. e4 Rd3 48. Rf5 Rd1 49. Rh5 Rf1 50. Rh7+ Ke8 51. d6 Rd1 52. Ke6 1-0


[Site "https://www.chess.com"]

[Event "Titled Tuesday Blitz June 20 Late 2023"]
[White "Pinero Rodriguez, Carlos Jose"]
[Black "Czerw, Dawid"]
[WhiteFideId "3901726"]
[BlackFideId "1145746"]
[WhiteElo "2146"]
[BlackElo "2144"]
[Result "0-1"]
[Round "2"]
[TimeControl "180+2"]
[Date "2023.06.20"]
[WhiteClock "0:00:08"]
[BlackClock "0:00:06"]
[Board "172"]

1. b3 c5 2. Bb2 Nc6 3. e3 Nf6 4. Nf3 g6 5. Bxf6 exf6 6. c3 Bg7 7. g3 O-O 8. Bg2 d5 9. d4 b6 10. O-O Bb7 11. Nbd2 Re8 12. Rc1 Rc8 13. Re1 f5 14. a3 a6 15. b4 c4 16. a4 Rc7 17. Ra1 Rce7 18. Nf1 Nb8 19. N3d2 Nd7 20. Nxc4 Qc7 21. Nb2 Qxc3 22. Nd3 Qc7 23. Rc1 Qd6 24. b5 a5 25. Qb3 Nf6 26. Ne5 Ne4 27. Nd3 h5 28. h4 Bh6 29. Ne5 Kg7 30. f4 f6 31. Nd3 Nxg3 32. Nxg3 Rxe3 33. Rxe3 Rxe3 34. Nf1 Re7 35. Re1 Rxe1 36. Nxe1 Qxf4 37. Nf3 g5 38. hxg5 fxg5 39. Qd3 g4 40. Ne5 h4 41. Bh1 h3 42. Ng3 Qe3+ 43. Kf1 Qxd3+ 44. Nxd3 Kg6 45. Ne2 Be3 46. Bxd5 Bxd5 47. Ndf4+ Kg5 48. Nxd5 f4 49. Ndc3 g3 50. Ne4+ Kg4 51. Nf6+ Kf3 52. Nd5 g2+ 53. Ke1 h2 0-1


[Site "https://www.chess.com"]

[Event "Titled Tuesday Blitz June 20 Late 2023"]
[White "Kielinkei"]
[Black "Kornyukov, Alexey"]
[BlackFideId "4150457"]
[WhiteElo "2459"]
[BlackElo "2352"]
[Result "1/2-1/2"]
[Round "2"]
[TimeControl "180+2"]
[Date "2023.06.20"]
[WhiteClock "0:00:21"]
[BlackClock "0:00:05"]
[Board "173"]

1. d4 d5 2. c4 e6 3. Nc3 c6 4. e3 Nf6 5. Nf3 Nbd7 6. Be2 dxc4 7. a4 Bb4 8. O-O Qa5 9. Bd2 O-O 10. Bxc4 c5 11. Nb5 Rd8 12. Bxb4 Qxb4 13. Qc2 Nb6 14. Be2 cxd4 15. Nfxd4 e5 16. Nf3 e4 17. Nfd4 Bd7 18. Qc3 Qxc3 19. Nxc3 Rac8 20. Rfc1 a6 21. b3 Nbd5 22. Nxd5 Nxd5 23. Bc4 Nb4 24. Kf1 Kf8 25. Ke2 Rc7 26. Kd2 Rdc8 27. f3 exf3 28. gxf3 Ke7 29. h4 g6 30. e4 Be6 31. Bxe6 fxe6 32. f4 Rxc1 33. Rxc1 Rxc1 34. Kxc1 Nd3+ 35. Kd2 Nxf4 36. Nf3 Kd6 37. Ke3 e5 38. b4 h6 39. Kd2 Ne6 40. Kd3 Nf4+ 41. Ke3 Ng2+ 42. Kd3 Nf4+ 43. Ke3 Ng2+ 44. Kd3 Nf4+ 1/2-1/2


[Site "https://www.chess.com"]

[Event "Titled Tuesday Blitz June 20 Late 2023"]
[White "Navia Alvarez, Edwin Adrian"]
[Black "Ladron De Guevara Pinto, Paolo"]
[WhiteFideId "4402898"]
[BlackFideId "2290847"]
[WhiteElo "1992"]
[BlackElo "2398"]
[Result "1-0"]
[Round "2"]
[TimeControl "180+2"]
[Date "2023.06.20"]
[WhiteClock "0:00:17"]
[BlackClock "0:00:00"]
[Board "174"]

1. d4 d6 2. c4 e5 3. Nc3 Be7 4. Nf3 exd4 5. Nxd4 Nf6 6. e4 O-O 7. Bd3 Nc6 8. Nxc6 bxc6 9. O-O Re8 10. f4 Nd7 11. Qf3 Rb8 12. b3 Bf6 13. Bb2 Bd4+ 14. Kh1 Qf6 15. Rac1 Nc5 16. Bb1 Qh4 17. h3 f5 18. e5 dxe5 19. fxe5 Rxe5 20. Nd1 Bxb2 21. Nxb2 Ne4 22. Kh2 c5 23. Nd3 Re8 24. Rce1 Bb7 25. Qf4 Qxf4+ 26. Nxf4 g6 27. g4 Nd2 28. Rxe8+ Rxe8 29. Rd1 Nxb1 30. Rxb1 g5 31. Nh5 Re2+ 32. Kg1 f4 33. a4 a5 34. Rd1 Rg2+ 35. Kf1 Rh2 36. Rd3 Be4 37. Nf6+ 1-0


[Site "https://www.chess.com"]

[Event "Titled Tuesday Blitz June 20 Late 2023"]
[White "ArchibaldCerveza29"]
[Black "Chessadiction1990"]
[WhiteElo "2449"]
[BlackElo "2218"]
[Result "1-0"]
[Round "2"]
[TimeControl "180+2"]
[Date "2023.06.20"]
[WhiteClock "0:00:15"]
[BlackClock "0:00:00"]
[Board "175"]

1. e4 c5 2. c3 Nf6 3. e5 Nd5 4. d4 cxd4 5. Nf3 Nc6 6. Bc4 Nb6 7. Bb3 d5 8. exd6 Qxd6 9. O-O e6 10. cxd4 Be7 11. Nc3 a6 12. Re1 O-O 13. Qe2 Bd7 14. Be3 Rfd8 15. Ne4 Qc7 16. Rac1 Rac8 17. Ne5 Be8 18. Ng3 Nd5 19. Nh5 g6 20. Bxd5 Rxd5 21. Nf4 Rdd8 22. h3 Nxd4 23. Bxd4 Qxc1 24. Rxc1 Rxc1+ 25. Kh2 Rxd4 26. Nfd3 Rc8 27. Nf3 Rdd8 28. g3 Bb5 29. Nfe1 Bb4 30. Qe4 Bxe1 31. Nxe1 Bc6 32. Qe3 Rd5 33. g4 Rcd8 34. Ng2 Rd3 35. Qe5 Bxg2 36. Kxg2 1-0


[Site "https://www.chess.com"]

[Event "Titled Tuesday Blitz June 20 Late 2023"]
[White "KSho99"]
[Black "Seletsky, Grigory"]
[BlackFideId "14112191"]
[WhiteElo "2216"]
[BlackElo "2491"]
[Result "0-1"]
[Round "2"]
[TimeControl "180+2"]
[Date "2023.06.20"]
[WhiteClock "0:00:45"]
[BlackClock "0:01:03"]
[Board "176"]

1. d4 c5 2. d5 e5 3. Nc3 d6 4. e4 Nf6 5. Bb5+ Nbd7 6. a4 Be7 7. Nf3 O-O 8. h3 Ne8 9. g4 g6 10. Bh6 Ng7 11. Bd3 Nf6 12. Nd2 Kh8 13. f3 Ng8 14. Be3 Bh4+ 15. Ke2 f5 16. gxf5 gxf5 17. Qg1 f4 18. Bf2 Nh5 19. Nf1 Nh6 20. Bxh4 Qxh4 21. Qf2 Qe7 22. h4 Bd7 23. Bb5 Rg8 24. Bxd7 Qxd7 25. Kd3 b6 26. b3 a6 27. Rg1 Rxg1 28. Qxg1 Rg8 29. Qf2 b5 30. axb5 axb5 31. Ne2 Qh3 32. Ng1 Qh1 33. Nd2 Rg2 34. Qf1 Ng3 35. Ra8+ Kg7 36. Qa1 Qxg1 37. Qa7+ Kg6 38. Qe7 Qd4# 0-1


[Site "https://www.chess.com"]

[Event "Titled Tuesday Blitz June 20 Late 2023"]
[White "Vila Dupla, Aurelio"]
[Black "SergioMoralesG"]
[WhiteFideId "2203383"]
[WhiteElo "2009"]
[BlackElo "2446"]
[Result "0-1"]
[Round "2"]
[TimeControl "180+2"]
[Date "2023.06.20"]
[WhiteClock "0:00:00"]
[BlackClock "0:00:05"]
[Board "177"]

1. Nf3 c5 2. c4 Nc6 3. Nc3 g6 4. e3 Bg7 5. d4 d6 6. dxc5 Bxc3+ 7. bxc3 dxc5 8. Qxd8+ Nxd8 9. e4 h6 10. h3 Be6 11. Be3 b6 12. a4 Nc6 13. Be2 Nf6 14. Nd2 O-O-O 15. O-O g5 16. f3 Rd7 17. Nb3 a5 18. Rab1 Rhd8 19. Rb2 Nh5 20. Nd2 Ng3 21. Re1 Nxe2+ 22. Rxe2 Kc7 23. Nb1 Rd1+ 24. Kf2 Bxc4 25. Red2 R1xd2+ 26. Nxd2 Be6 27. Nb1 Ne5 28. Rd2 Rxd2+ 29. Nxd2 Nd3+ 30. Ke2 Nb2 31. f4 f6 32. fxg5 fxg5 33. h4 gxh4 34. Bxh6 Nxa4 35. Kd3 h3 36. gxh3 Bxh3 37. Nf3 Nb2+ 38. Kc2 Nc4 39. Nd2 Nxd2 40. Bxd2 a4 41. c4 Be6 42. Kd3 Kc6 43. Bc1 Bf7 44. Ba3 Kd6 45. Ke3 Bg6 46. Bb2 Bf7 47. Kd3 Bh5 48. Ba3 Bd1 49. Bb2 Bb3 50. Kc3 Ba2 51. Kd3 Bb1+ 52. Ke3 Kc6 53. Kf4 b5 54. cxb5+ Kxb5 55. Ke3 Kb4 56. e5 a3 57. Ba1 Kb3 58. Kd2 e6 59. Bc3 Bf5 60. Ba1 Ka2 61. Bc3 Kb1 0-1


[Site "https://www.chess.com"]

[Event "Titled Tuesday Blitz June 20 Late 2023"]
[White "Nikologorsky, Matfei"]
[Black "Cueto, Jonny"]
[WhiteFideId "24102474"]
[BlackFideId "3300145"]
[WhiteElo "2153"]
[BlackElo "2240"]
[Result "1-0"]
[Round "2"]
[TimeControl "180+2"]
[Date "2023.06.20"]
[WhiteClock "0:01:34"]
[BlackClock "0:00:01"]
[Board "178"]

1. e4 e6 2. d4 d5 3. Nd2 h6 4. Bd3 c5 5. exd5 Qxd5 6. Ngf3 cxd4 7. O-O Nf6 8. Nb3 Nc6 9. Nbxd4 Be7 10. Nxc6 bxc6 11. Qe2 O-O 12. b3 Rd8 13. Bb2 a5 14. a4 Bb7 15. Rad1 Qh5 16. Ne5 Qxe2 17. Bxe2 c5 18. Rxd8+ Rxd8 19. Rd1 Rxd1+ 20. Bxd1 Nd5 21. Bf3 Ba8 22. Nc4 Bd8 23. Ba3 Nc7 24. Bxa8 Nxa8 25. Bxc5 Nc7 26. Bb6 e5 27. Nxa5 Ne6 28. Bxd8 Nxd8 29. Kf1 Kf8 30. Ke2 Ke7 31. Kd3 f5 32. b4 Ne6 33. g3 g5 34. c4 Nd4 35. c5 Nf3 36. Nc6+ Kd7 37. b5 e4+ 38. Ke2 Nxh2 39. a5 Kc7 40. a6 Ng4 41. Na5 Kb8 42. b6 Ne5 43. c6 Nxc6 44. Nxc6+ Ka8 45. b7# 1-0


[Site "https://www.chess.com"]

[Event "Titled Tuesday Blitz June 20 Late 2023"]
[White "Thiel, Thomas"]
[Black "Itkis, Boris"]
[WhiteFideId "4615964"]
[BlackFideId "1209167"]
[WhiteElo "2205"]
[BlackElo "2219"]
[Result "0-1"]
[Round "2"]
[TimeControl "180+2"]
[Date "2023.06.20"]
[WhiteClock "0:00:51"]
[BlackClock "0:01:44"]
[Board "179"]

1. e4 e6 2. d4 d5 3. Nc3 Bb4 4. e5 c5 5. a3 Bxc3+ 6. bxc3 Ne7 7. Qg4 Qc7 8. Qxg7 Rg8 9. Qxh7 cxd4 10. Ne2 Nbc6 11. f4 dxc3 12. Qd3 Bd7 13. Nxc3 a6 14. Ne2 Na5 15. Bb2 Rc8 16. Nd4 Nc4 17. O-O-O Ba4 18. Qc3 Nc6 19. Bxc4 Nxd4 20. Rxd4 Rxg2 21. Rd2 Rxd2 22. Kxd2 Qxc4 23. Qxc4 Rxc4 24. Bc3 d4 25. Bb4 Bxc2 26. Rc1 d3 27. Rf1 Re4 28. h4 Re2+ 29. Kc1 Rh2 30. f5 Bb3 31. Bd2 Rxh4 32. fxe6 Bxe6 33. Rg1 Rc4+ 34. Kd1 Bg4+ 35. Ke1 Re4+ 36. Kf1 Bh3+ 0-1


[Site "https://www.chess.com"]

[Event "Titled Tuesday Blitz June 20 Late 2023"]
[White "Kaplan, Avi Harrison"]
[Black "Gardezi, Arsal"]
[WhiteFideId "30934559"]
[BlackFideId "30949521"]
[WhiteElo "1983"]
[BlackElo "1906"]
[Result "1-0"]
[Round "2"]
[TimeControl "180+2"]
[Date "2023.06.20"]
[WhiteClock "0:02:13"]
[BlackClock "0:02:09"]
[Board "180"]

1. a3 a5 2. h3 b6 3. c4 Bb7 4. Nf3 h5 5. Nc3 e6 6. d4 d5 7. cxd5 exd5 8. Bg5 Be7 9. Bxe7 Qxe7 10. e3 Nf6 11. Bd3 Nbd7 12. Rc1 c6 13. O-O O-O 14. Ng5 g6 15. Qf3 c5 16. Nb5 Rac8 17. Qg3 Kg7 18. Nd6 Rb8 19. Nf5+ 1-0


[Site "https://www.chess.com"]

[Event "Titled Tuesday Blitz June 20 Late 2023"]
[White "Powell, Paul"]
[Black "Ai, Evan"]
[WhiteFideId "2005840"]
[BlackFideId "2094770"]
[WhiteElo "2166"]
[BlackElo "1963"]
[Result "0-1"]
[Round "2"]
[TimeControl "180+2"]
[Date "2023.06.20"]
[WhiteClock "0:00:06"]
[BlackClock "0:01:35"]
[Board "181"]

1. d4 Nf6 2. Nf3 e6 3. Bf4 d5 4. e3 c5 5. c3 Nc6 6. Bd3 Nh5 7. Bg5 f6 8. Bh4 cxd4 9. exd4 Nf4 10. Bf1 Bd6 11. Bg3 Ng6 12. Bxd6 Qxd6 13. Nbd2 O-O 14. Be2 e5 15. dxe5 fxe5 16. O-O e4 17. Nd4 Nxd4 18. cxd4 Nf4 19. g3 Bh3 20. Bg4 Bxf1 21. Nxf1 Nd3 22. f4 Qb4 23. Qd2 Qxd4+ 24. Qe3 Qxb2 25. Rd1 Rae8 26. Rd2 Qb4 27. Rg2 d4 28. Qd2 Qxd2 29. Rxd2 g6 30. Be2 Nc1 31. Bc4+ Kh8 32. Rxd4 e3 0-1


[Site "https://www.chess.com"]

[Event "Titled Tuesday Blitz June 20 Late 2023"]
[White "Hartikainen, Jarmo"]
[Black "Fiedorek, Michal"]
[WhiteFideId "503134"]
[BlackFideId "1199528"]
[WhiteElo "2159"]
[BlackElo "2135"]
[Result "0-1"]
[Round "2"]
[TimeControl "180+2"]
[Date "2023.06.20"]
[WhiteClock "0:00:00"]
[BlackClock "0:00:06"]
[Board "182"]

1. e4 c6 2. d4 g6 3. Nc3 d5 4. f3 Bg7 5. Be3 Nf6 6. Be2 O-O 7. Qd2 dxe4 8. fxe4 Ng4 9. Bxg4 Bxg4 10. Nf3 Bxf3 11. gxf3 e5 12. O-O-O Qh4 13. d5 cxd5 14. Nxd5 Nc6 15. Bg5 Qh3 16. c3 Qxf3 17. Rde1 b5 18. Rhf1 Qh3 19. Nf6+ Kh8 20. Rf2 b4 21. Re3 Qe6 22. Qd5 bxc3 23. bxc3 h6 24. Bh4 g5 25. Nh5 gxh4 26. Nxg7 Kxg7 27. Rg2+ Kh8 28. Qd1 Rg8 29. Rxg8+ Rxg8 30. Qh5 Qg6 31. Qxg6 Rxg6 32. Kb2 Rg2+ 33. Kb3 Rxh2 34. a4 h3 35. Rd3 Rh1 36. Kc4 h2 37. Rh3 Kg7 38. Kc5 Na5 39. Kd5 Rd1+ 40. Kxe5 h1=Q 41. Rg3+ Kh7 42. c4 Qe1 43. Rg4 Nxc4+ 44. Kf6 Rd6+ 45. Ke7 Re6+ 46. Kf8 h5 47. Rg7+ Kh6 48. Rg8 Ne5 49. Rh8+ Kg5 50. Rg8+ Kh4 51. Rh8 Qf2 0-1


[Site "https://www.chess.com"]

[Event "Titled Tuesday Blitz June 20 Late 2023"]
[White "KorolDimitriy75"]
[Black "Winkels, Marcel"]
[BlackFideId "1003887"]
[WhiteElo "2424"]
[BlackElo "1900"]
[Result "1-0"]
[Round "2"]
[TimeControl "180+2"]
[Date "2023.06.20"]
[WhiteClock "0:00:10"]
[BlackClock "0:00:00"]
[Board "183"]

1. d4 Nf6 2. c4 g6 3. Nc3 Bg7 4. e4 d6 5. Nf3 O-O 6. Be2 Na6 7. O-O e5 8. Re1 Qe7 9. Bf1 c6 10. Rb1 Nh5 11. b4 Nc7 12. a4 f5 13. d5 f4 14. Ba3 Bg4 15. Be2 Rad8 16. Qb3 cxd5 17. cxd5 g5 18. b5 b6 19. Rbc1 h6 20. Na2 Nf6 21. Nd2 Bxe2 22. Rxe2 g4 23. Ree1 h5 24. Rc6 Bh6 25. Nc4 Nce8 26. Qb4 f3 27. g3 Qh7 28. Nxd6 Nxd6 29. Rxd6 Rxd6 30. Qxd6 Nxe4 31. Qxe5 Ng5 32. Bxf8 Nh3+ 33. Kf1 Bxf8 34. Qe6+ Kh8 35. Qe4 Qc7 36. Qe5+ Qxe5 37. Rxe5 Kg8 38. Rxh5 Be7 39. Rf5 Ng5 40. Re5 Kf7 41. Re1 Bd6 42. Nc3 Kf6 43. Ne4+ Nxe4 44. Rxe4 Kf5 45. Re6 Bc5 46. Kg1 Bb4 47. Kf1 Bc5 48. Re8 Kf6 49. Kg1 Kf7 50. Re5 Kf6 51. Re4 Kf5 52. Rf4+ Ke5 53. Rxg4 Kxd5 54. Rf4 Ke5 55. Rxf3 Be7 56. Kg2 Bc5 57. h4 Ke6 58. h5 Bd4 59. h6 Ke7 60. g4 Ke8 61. g5 Ke7 62. g6 Ke8 63. g7 Ke7 64. g8=Q 1-0


[Site "https://www.chess.com"]